 Dungeon Crawl Stone Soup version 0.26.0-45-g9c1d065592 (webtiles) character file.

Game seed: 16808225939610393723

23163 trckry the Quickloader (level 13, 0/78 HPs)
             Began as a Tengu Hunter on Jan 27, 2021.
             Was the Champion of Okawaru.
             Killed from afar by an electric eel (5 damage)
             ... with a bolt of electricity
             ... while petrified by a basilisk
             ... on level 4 of the Lair of Beasts on Jan 28, 2021.
             The game lasted 00:55:31 (17023 turns).

trckry the Quickloader (Tengu Hunter)              Turns: 17023, Time: 00:55:32

Health: 0/78       AC: 24    Str: 18    XL:     13   Next: 4%
Magic:  28/28      EV:  2    Int: 12    God:    Okawaru [******]
Gold:   1094       SH:  0    Dex: 18    Spells: 12/12 levels left

rFire    + . .     SeeInvis +   b - +1 lajatang (elec)
rCold    + . .     Faith    .   (shield currently unavailable)
rNeg     + + +     Spirit   .   u - +9 plate armour of Articulation {Will- MP+9 Dex+4 SInv}
rPois    ∞         Reflect  .   j - +2 hat
rElec    .         Harm     .   E - scarf {rC+ rF+}
rCorr    .         Rampage  .   (no gloves)
Will     .....                  (boots unavailable)
Stlth    ..........             p - amulet of regeneration
HPRegen  0.63/turn              r - ring of poison resistance
MPRegen  0.21/turn              e - ring of stealth

@: lethally poisoned (0 -> 0), petrified, flying quickly and evasively, quick
A: beak, talons 3, able to fly
a: Stop Flying, Renounce Religion, Heroism, Finesse


You were on level 4 of the Lair of Beasts.
You worshipped Okawaru.
Okawaru was exalted by your worship.
You visited 3 branches of the dungeon, and saw 17 of its levels.
You also visited: Ossuary.

You collected 1094 gold pieces.

Inventory:

Hand Weapons
 a - a +1 hand crossbow
 b - a +1 lajatang of electrocution (weapon)
 c - a +1 quarterstaff
Missiles
 d - 188 bolts
 h - 46 poisoned darts (quivered)
Armour
 j - a +2 hat (worn)
 u - the +9 plate armour of Articulation (worn) {Will- MP+9 Dex+4 SInv}
   (Okawaru gifted it to you on level 1 of the Lair of Beasts)

   It affects your dexterity (+4).
   It affects your willpower, your defense against some magical effects.
   It affects your magic capacity (+9).
   It lets you see invisible.
 E - a scarf of resistance (worn)
Jewellery
 e - a ring of stealth (right hand)
 p - an amulet of regeneration (around neck)
 r - a ring of poison resistance (left hand)
Wands
 l - a wand of acid (34)
 s - a wand of polymorph (11)
 w - a wand of flame (11)
 y - a wand of digging (6)
 C - a wand of iceblast (16)
Scrolls
 f - 7 scrolls of teleportation
 g - 5 scrolls of magic mapping
 o - 3 scrolls of enchant weapon
 q - a scroll of fog
 t - 5 scrolls of remove curse
 v - 4 scrolls of identify
Potions
 k - 4 potions of lignification
 m - 5 potions of haste
 x - 5 potions of mutation
 z - 4 potions of ambrosia
 A - 4 potions of attraction
 B - 2 potions of might


   Skills:
 + Level 7.6 Fighting
 * Level 9.9 Staves
 * Level 12.1 Crossbows
 + Level 8.0 Armour
 + Level 8.4 Dodging
 - Level 1.0 Stealth
 + Level 6.9 Invocations
 + Level 7.3 Evocations


You had 12 spell levels left.
You didn't know any spells.
Your spell library contained the following spells:

 Spells                   Type           Power        Failure   Level
 Confusing Touch          Hex            0%           100%        3
 Gell's Gravitas          Tloc           0%           100%        3
 Petrify                  Tmut/Erth      0%           100%        4
 Metabolic Englaciation   Hex/Ice        0%           100%        5
 Yara's Violent Unravell  Hex/Tmut       0%           100%        5


Dungeon Overview and Level Annotations

Branches:
Dungeon (12/15)            Temple (1/1) D:4            Lair (4/6) D:10
  Snake (0/4) Lair:2          Orc (0/2) D:11        Ossuary (visited)
  Swamp: Lair:2-4    Shoals: Lair:2-4

Altars:
Ashenzari
Cheibriados
Dithmenos
Elyvilon
Fedhas
Gozag
Hepliaklqana
Kikubaaqudgha
Makhleb
Nemelex Xobeh
Okawaru
Qazlal
Ru
Sif Muna
Trog
Uskayaw
Vehumet
Wu Jian
Xom
Yredelemnul
Zin
The Shining One

Shops:
D:12 [


Innate Abilities, Weirdness & Mutations

You have a beak for a mouth.
You have claws for feet.
You can fly continuously.


Message History

Your limbs are stiffening.
The water moccasin hisses angrily.
The cane toad seems to regain its courage.
The basilisk gazes at you.
Your limbs have turned to stone.
The cane toad stings you but does no damage.
You have turned to stone.
The cane toad stings you!
* * * LOW HITPOINT WARNING * * *
Your surroundings suddenly seem different.
An electric eel comes into view.
Found a stone staircase leading up.
The electric eel shoots out a bolt of lightning at you!
The bolt of electricity hits you.
* * * LOW HITPOINT WARNING * * *
The bolt of electricity hits you.
* * * LOW HITPOINT WARNING * * *
The electric eel shoots out a bolt of lightning at you!
The bolt of electricity hits you!
You die...

# .#.##
###.....#
#@......#
#.≈≈≈.<.≈.
...≈≈≈≈≈≈≈≈
#...≈≈≈≈≈≈≈≈≈
#P..≈≈≈;≈≈≈≈≈
#..#.≈≈≈≈≈≈≈≈
##....≈≈≈≈≈≈≈
.
#......≈≈≈..
.. ..(


You could see an electric eel.

Vanquished Creatures
  A boulder beetle (D:11)
  Erica (D:11)
  A bog body (Lair:4)
  An ugly thing (D:12)
  2 cyclopes (D:12)
  2 black mambas (Lair:1)
  A gargoyle (D:12)
  A cane toad (Lair:1)
  Maggie (D:6)
  3 rime drakes
  A troll (D:9)
  3 komodo dragons
  A queen bee (Lair:1)
  Grinder (D:6)
  A hornet (D:12)
  4 slime creatures
  A vampire (D:10)
  2 wyverns
  A basilisk (Lair:1)
  27 yaks
  2 steam dragons
  Menkaure (D:7)
  3 vampire mosquitoes (D:12)
  3 nagas (Lair:2)
  A soldier ant (D:11)
  6 water moccasins
  2 orc warriors
  4 sky beasts
  3 black bears
  5 ice beasts
  2 phantoms
  9 ogres
  6 wolves (Lair:3)
  11 centaurs
  2 big kobolds (D:11)
  11 bullfrogs
  A gnoll sergeant (D:8)
  A wyvern zombie (D:9)
  13 scorpions
  2 wyvern skeletons
  24 killer bees
  17 wights
  2 vampire bats (D:9)
  2 howler monkeys (D:7)
  2 electric eels (Lair:1)
  3 centaur zombies
  2 bullfrog zombies
  5 hounds
  2 jellies (D:6)
  A human zombie (Ossuary)
  5 orc priests
  2 bullfrog skeletons (D:6)
  3 centaur skeletons
  6 iguanas
  7 orc wizards
  Natasha (thrice) (D:3)
  5 hell rats (Lair:3)
  8 worker ants
  3 mummies (Ossuary)
  3 worker ant zombies
  12 gnolls
  8 scorpion zombies (Ossuary)
  11 adders
  A shadow imp (D:5)
  3 white imps
  An ufetubus (D:5)
  2 oozes (D:1)
  2 adder skeletons (D:6)
  A worm (D:2)
  2 dart slugs
  A leopard gecko (D:4)
  33 orcs
  5 bat skeletons (D:9)
  2 bat zombies (D:9)
  3 giant cockroaches
  A gnoll zombie (Ossuary)
  6 hobgoblins
  3 jackals (D:1)
  5 quokkas
  4 ball pythons
  8 bats
  6 frilled lizards
  5 goblins
  2 goblin zombies (Ossuary)
  A hobgoblin zombie (Ossuary)
  15 kobolds
  5 kobold zombies (Ossuary)
  A leopard gecko skeleton (D:4)
  An orc zombie (Ossuary)
  2 quokka skeletons
  6 rats
407 creatures vanquished.

Vanquished Creatures (others)
  A wizard (D:3)
  6 fungi
  24 plants
31 creatures vanquished.

Grand Total: 438 creatures vanquished

Notes
Turn   | Place    | Note
-------+----------+-------------------------------------------
     0 | D:1      | trckry the Tengu Hunter began the quest for the Orb.
     0 | D:1      | Reached XP level 1. HP: 12/12 MP: 2/2
   267 | D:1      | Reached XP level 2. HP: 16/17 MP: 3/3
   778 | D:1      | Reached XP level 3. HP: 21/21 MP: 4/4
   809 | D:1      | Reached skill level 1 in Armour
  1582 | D:2      | Found a hazy altar of Hepliaklqana.
  1716 | D:2      | Reached skill level 1 in Invocations
  2152 | D:3      | Reached skill level 1 in Evocations
  2152 | D:3      | Reached XP level 4. HP: 23/26 MP: 5/5
  2203 | D:3      | Found a faded altar of an unknown god.
  2210 | D:3      | Noticed Natasha
  2220 | D:3      | Killed Natasha
  2221 | D:3      | Reached skill level 5 in Crossbows
  2427 | D:3      | Found a snail-covered altar of Cheibriados.
  2429 | D:3      | Noticed Natasha
  2441 | D:3      | Killed Natasha
  2442 | D:3      | Gained mutation: You can fly continuously. [Tengu growth]
  2442 | D:3      | Reached XP level 5. HP: 27/31 MP: 5/7
  2703 | D:3      | Found a bloodstained altar of Trog.
  2705 | D:3      | Noticed a wizard
  2711 | D:3      | Killed a wizard
  2925 | D:3      | Noticed Natasha
  2938 | D:3      | HP: 4/31 [Natasha/magic dart (9)]
  2939 | D:3      | Killed Natasha
  2999 | D:3      | Found a faded altar of an unknown god.
  3090 | D:3      | Found a snail-covered altar of Cheibriados.
  3429 | D:4      | Found a staircase to the Ecumenical Temple.
  3450 | Temple   | Entered the Ecumenical Temple
  3501 | Temple   | Became a worshipper of Warmaster Okawaru
  3657 | D:4      | Reached XP level 6. HP: 35/36 MP: 8/8
  3778 | D:4      | Found a hide-covered altar of Uskayaw.
  4248 | D:5      | Entered Level 5 of the Dungeon
  4348 | D:5      | Reached skill level 6 in Crossbows
  4348 | D:5      | Reached XP level 7. HP: 37/41 MP: 9/9
  4393 | D:5      | Reached * piety under Okawaru
  4677 | D:5      | Found a shadowy altar of Dithmenos.
  5444 | D:6      | Reached XP level 8. HP: 47/47 MP: 11/11
  5460 | D:6      | Found a shimmering blue altar of Sif Muna.
  5529 | D:6      | Reached skill level 7 in Crossbows
  5569 | D:6      | Found a broken altar of Ashenzari.
  5609 | D:6      | Found an opulent altar of Gozag.
  5609 | D:6      | Found a glowing golden altar of the Shining One.
  5631 | D:6      | Found a basalt altar of Yredelemnul.
  5871 | D:6      | Reached ** piety under Okawaru
  5876 | D:6      | Reached skill level 1 in Staves
  5914 | D:6      | Found a white marble altar of Elyvilon.
  5983 | D:6      | Found a sparkling altar of Nemelex Xobeh.
  6042 | D:6      | Found a bloodstained altar of Trog.
  6261 | D:6      | Noticed Grinder
  6261 | D:6      | Paralysed by Grinder for 5 turns
  6272 | D:6      | Killed Grinder
  6273 | D:6      | Reached XP level 9. HP: 52/52 MP: 12/12
  6495 | D:6      | Noticed Maggie
  6507 | D:6      | Killed Maggie
  6507 | D:6      | Reached *** piety under Okawaru
  6508 | D:6      | Reached skill level 5 in Dodging
  6558 | D:7      | Reached skill level 8 in Crossbows
  6653 | D:7      | Found a snail-covered altar of Cheibriados.
  6908 | D:7      | Reached skill level 5 in Fighting
  6923 | D:7      | Noticed Menkaure
  6989 | D:7      | Killed Menkaure
  6989 | D:7      | Received a gift from Okawaru
  6990 | D:7      | Reached skill level 5 in Armour
  7417 | D:8      | Found a sand-covered staircase.
  7430 | Ossuary  | Entered an ossuary
  7447 | Ossuary  | Reached **** piety under Okawaru
  7502 | Ossuary  | Reached XP level 10. HP: 59/59 MP: 14/14
  7629 | Ossuary  | Reached skill level 5 in Staves
  7629 | Ossuary  | Reached skill level 9 in Crossbows
  8679 | D:9      | Found a white marble altar of Elyvilon.
  8698 | D:9      | Reached skill level 5 in Evocations
  8748 | D:9      | HP: 13/88 [killer bee (3)]
  8756 | D:9      | HP: 13/88 [killer bee (1)]
  8761 | D:9      | HP: 10/88 [troll (6)]
  8765 | D:9      | HP: 4/88 [troll (5)]
  8772 | D:9      | HP: 12/88 [adder (2)]
  9707 | D:9      | Found an ancient bone altar of Kikubaaqudgha.
  9952 | D:10     | Entered Level 10 of the Dungeon
  9966 | D:10     | Reached ***** piety under Okawaru
 10075 | D:10     | Received a gift from Okawaru
 10076 | D:10     | Reached skill level 5 in Invocations
 10100 | D:10     | Found a staircase to the Lair.
 10262 | D:10     | Reached XP level 11. HP: 64/64 MP: 15/15
 10442 | D:10     | Reached skill level 10 in Crossbows
 10739 | D:10     | Received a gift from Okawaru
 11291 | D:11     | Noticed Erica
 11301 | D:11     | Killed Erica
 11457 | D:11     | Received a gift from Okawaru
 11504 | D:11     | Found a staircase to the Orcish Mines.
 11605 | D:11     | Noticed a boulder beetle
 11625 | D:11     | Killed a boulder beetle
 11759 | D:11     | Received a gift from Okawaru
 12032 | D:12     | Noticed a cyclops
 12163 | D:12     | Found Kotoisha's Armour Emporium.
 12569 | D:12     | Killed a cyclops
 12569 | D:12     | Received a gift from Okawaru
 12773 | D:12     | Noticed a cyan ugly thing
 12826 | D:12     | Killed a cyan ugly thing
 12827 | D:12     | Reached skill level 11 in Crossbows
 12997 | D:12     | Reached XP level 12. HP: 50/71 MP: 17/17
 13730 | Lair:1   | Entered Level 1 of the Lair of Beasts
 14186 | Lair:1   | Received a gift from Okawaru
 14252 | Lair:1   | You are sucked into a shaft and drop 1 floor!
 14419 | Lair:2   | Found a staircase to the Snake Pit.
 14836 | Lair:1   | Received a gift from Okawaru
 14854 | Lair:1   | Reached ****** piety under Okawaru
 14861 | Lair:1   | Identified the +9 plate armour of Articulation {Will- MP+9
                  | Dex+4 SInv} (Okawaru gifted it to you on level 1 of the
                  | Lair of Beasts)
 16135 | Lair:3   | Reached skill level 12 in Crossbows
 16543 | Lair:3   | Found a burning altar of Makhleb.
 16892 | Lair:4   | Reached XP level 13. HP: 63/76 MP: 19/19
 17006 | Lair:4   | HP: 9/78 [cane toad (7)]
 17011 | Lair:4   | HP: 10/78 [poisoned by a cane toad]
 17016 | Lair:4   | HP: 10/78 [poisoned by a cane toad]
 17022 | Lair:4   | HP: 5/78 [electric eel/bolt of electricity (1)]
 17023 | Lair:4   | Killed from afar by an electric eel

Illustrated notes

Levels and vault maps discovered:
D:1:      onia_arrival_mini_maze, layout_basic
D:2:      layout_basic, lemuel_doored_altar
D:3:      layout_basic, old_standard_altar, chequers_ecumenical_altar_twisty,
          trog_wizard, uniq_natasha
D:4:      layout_basic, eat_drink_and_be_merry_uskayaw,
          minmay_temple_entry_large_hall
D:5:      layout_basic, grunt_dithmenos_smoke_and_mirrors, serial_corexii_hall,
          chequers_hall_statues_corner_a, chequers_hall_statues_y,
          chequers_hall_statues_corner_a, corexii_hall_statues_s,
          chequers_garden
D:6:      layout_basic, kennysheep_ying_yang, nemelex_xobeh_ov_fountains_minmay,
          kennysheep_little_box, chequers_temple_overflow_statue_of_worship,
          basic_altar, dk_vineyard_2, uniq_maggie, uniq_grinder
D:7:      layout_loops_ring, basic_altar, uniq_menkaure
D:8:      layout_loops_ring, nicolae_ossuary_entry_monument,
          kennysheep_generic_room_8
D:9:      layout_loops_ring, kennysheep_vampire_church, basic_altar
D:10:     layout_stronghold, david_lair_shrubbed
D:11:     layout_loops_ring, orc_0_dummy, uniq_erica
D:12:     layout_basic, serial_shops, nicolae_shop_behind_doors
Temple:   compressed_dpeg_circular_temple
Lair:1:   layout_roguey, special_room [special_room_bee], serial_bayou_shore_a,
          grunt_megastairs_4
Lair:2:   layout_regular_city, minmay_snake_entry_guardpost_small
Lair:3:   layout_small_grid, basic_altar
Lair:4:   layout_layer_cave, nicolae_swamp_entry_splash_gauntlet,
          infiniplex_staircase_pool, grunt_megastairs_3, serial_bayou_shore_b,
          minmay_lair_oklob_chamber

Skill      XL: |  1  2  3  4  5  6  7  8  9 10 11 12 |
---------------+-------------------------------------+-----
Armour         | 1 2 3 4 5 6 7 8 |  8.0
Invocations    | 1 2 3 4 5 6 |  6.9
Evocations     | 1 2 3 4 5 6 7 |  7.3
Crossbows      | 5 6 7 8 9 11 12 | 12.1
Dodging        | 3 4 5 6 7 8 |  8.4
Fighting       | 3 4 5 6 7 |  7.6
Staves         | 2 4 6 8 9 |  9.9
Stealth        | |  1.0

Action                   |  1- 3 |  4- 6 |  7- 9 | 10-12 | 13-15 || total
-------------------------+-------+-------+-------+-------+-------++-------
Melee: Short sword       |    77 |       |       |       |       ||    77
       Kick              |    23 |    27 |    10 |   116 |    11 ||   187
       Peck              |    10 |    10 |     9 |    83 |     4 ||   116
       Hand axe          |     9 |    41 |       |       |       ||    50
       Long sword        |       |    37 |    11 |       |       ||    48
       Scimitar          |       |       |    17 |    42 |       ||    59
       Quarterstaff      |       |       |       |   115 |       ||   115
       Lajatang          |       |       |       |   249 |    26 ||   275
 Fire: Hand crossbow     |       |     8 |   282 |   698 |     4 ||   992
Throw: Dart              |       |    29 |     1 |    10 |       ||    40
Invok: Heroism           |       |       |     1 |     2 |       ||     3
       Finesse           |       |       |       |     1 |       ||     1
 Abil: Fly               |       |     1 |       |       |       ||     1
Evoke: Wand              |       |       |       |     7 |       ||     7
  Use: Scroll            |       |       |    12 |     6 |     4 ||    22
       Potion            |       |       |       |    15 |     2 ||    17
 Stab: Sleeping          |     3 |     1 |       |       |       ||     4
Armor: Leather armour    |    29 |    25 |     1 |       |       ||    55
       Chain mail        |       |       |    24 |       |       ||    24
       Plate armour      |       |       |    48 |   415 |    24 ||   487
       Skin              |       |       |       |    43 |       ||    43
Dodge: Dodged            |    51 |    56 |    50 |   332 |    18 ||   507
       Rpst.: Long sword |       |     6 |     2 |       |       ||     8
       Scimitar          |       |       |     2 |     6 |       ||     8
